 Dungeon Crawl Stone Soup version 0.31-a0-161-gb58dd9be76 (webtiles) character file.

Game seed: 15044820275267606712

4036 qw the Skirmisher (level 10, -14/64 HPs)
             Began as a Gargoyle Hunter on June 12, 2023.
             Was a Believer of Okawaru.
             Demolished by a death yak (17 damage)
             ... on level 8 of the Dungeon.
             The game lasted 00:02:35 (6521 turns).

qw the Skirmisher (Gargoyle Hunter)                 Turns: 6521, Time: 00:02:35

Health: -14/64     AC: 12    Str: 21    XL:     10   Next: 24%
Magic:  13/13      EV: 16    Int: 10    God:    Okawaru [**....]
Gold:   250        SH:  0    Dex: 17    Spells: 9/9 levels left

rFire   + . .        Y - +1 orcbow (flame)
rCold   . . .        (shield currently unavailable)
rNeg    + . .        l - +0 robe of Dask {rElec rF+}
rPois   inf          e - +0 helmet
rElec   +            (no cloak)
rCorr   .            (no gloves)
SInv    .            i - +0 pair of boots
Will    +....        g - amulet of regeneration
Stlth   +++          a - +6 ring of strength
HPRegen 1.10/turn    n - ring of willpower
MPRegen 0.13/turn

%: no passive effects
@: about to teleport, heroic
A: sickness immunity, AC +7, negative energy resistance 1, electricity
resistance, torment resistance 1, petrification resistance
a: Renounce Religion, Heroism


You were on level 8 of the Dungeon.
You worshipped Okawaru.
Okawaru was pleased with you.
You visited 1 branch of the dungeon, and saw 8 of its levels.

You collected 250 gold pieces.


Innate Abilities, Weirdness & Mutations

You are immune to sickness and miasma.
Your stone body is resilient. (AC +7)
You are immune to poison.
You resist negative energy. (rN+)
You are resistant to electric shocks. (rElec)
You are resistant to unholy torment.
You are immune to petrification.


   Skills:
 - Level 8.1(13.1) Fighting
 - Level 12.0(17.0) Ranged Weapons
 - Level 2.2(7.2) Armour
 + Level 3.1(8.1) Dodging
 - Level 1.1(6.1) Stealth
 - Level 4.0 Invocations


You had 9 spell levels left.
You didn't know any spells.
Your spell library was empty.

Inventory:

Hand Weapons
 Y - a +1 orcbow of flaming (weapon)
Armour
 e - a +0 helmet (worn)
 i - a +0 pair of boots (worn)
 l - the +0 robe of Dask (worn) {rElec rF+}
   (You took it off a goblin on level 3 of the Dungeon)

   rF:        It protects you from fire.
   rElec:     It insulates you from electricity.
 m - a +0 ring mail
Jewellery
 a - a +6 ring of strength (left hand)
 g - an amulet of regeneration (around neck)
 n - a ring of willpower (right hand)
Wands
 p - a wand of digging (5)
Scrolls
 c - 4 scrolls of teleportation
 j - 2 scrolls of identify
Potions
 b - a potion of resistance
 d - a potion of lignification
 f - a potion of attraction
 h - 2 potions of might
 k - 5 potions of curing

Dungeon Overview and Level Annotations

Branches:
Dungeon (8/15)             Temple (0/1) D:5            Lair (0/5) D:8

Altars:
Cheibriados
Okawaru
Ru
Wu Jian
Xom

Shops:
D:4 :


Message History

You kill the centaur!
Okawaru accepts your kill. The orc hits you but does no damage.
Your base Ranged Weapons skill increases to level 12!
You shoot an arrow.
The arrow completely misses the death yak.
The arrow hits the death yak!
The arrow burns the death yak!
The death yak is moderately wounded.
The death yak closely misses you. The orc hits you but does no damage.
You shoot an arrow. The arrow hits the death yak.
The arrow burns the death yak.
The death yak is lightly wounded.
You shoot an arrow.
The arrow hits the death yak but does no damage.
The death yak is lightly wounded.
You shoot an arrow.
The arrow hits the death yak but does no damage.
The death yak is lightly wounded.
You shoot an arrow. The arrow hits the death yak!
The arrow burns the death yak.
The death yak is moderately wounded.
You shoot an arrow. The arrow hits the death yak!
The arrow burns the death yak.
The death yak is heavily wounded.
The death yak gores you.
You shoot an arrow.
The arrow hits the death yak but does no damage.
The death yak is heavily wounded.
The death yak gores you! The death yak closely misses you.
You shoot an arrow. The arrow hits the death yak.
The arrow burns the death yak.
The death yak is heavily wounded.
You shoot an arrow.
The arrow hits the death yak but does no damage.
The death yak is heavily wounded.
The death yak gores you. The death yak gores you!
6520 ||| READING 5 scrolls of teleportation.
As you read the scroll of teleportation, it crumbles to dust.
You feel strangely unstable. The death yak barely misses you.
The death yak gores you!
You shoot an arrow. The arrow hits the death yak.
The arrow burns the death yak.
The death yak is heavily wounded.
The death yak gores you!
You die...

...##......#####+###..#
... #......##.....##..#
........>.....#...#
.....<......'...#
...........#...# #
#..##..##.##..#
#..##..##..##.##..#
..................#
......Y@..........#
#...##Y###'###....# .


.oY #.# ###### ..... #.# ....... #.# ...#... #ยค# .>..... #~# ...#... #~# #.#
You could see 3 death yaks and an orc.

Vanquished Creatures
  A death yak (D:8)
  Pikel (D:6)
  6 yaks (D:6)
  2 orc warriors
  3 black bears
  A sky beast (D:6)
  An ogre (D:7)
  A lemure (D:6)
  4 centaurs
  A phantom (D:4)
  4 scorpions
  3 jellies
  2 orc priests (D:4)
  3 hounds
  A gnoll bouda (D:6)
  Jessica (D:2)
  5 iguanas
  4 orc wizards
  Natasha (D:2)
  Terence (D:2)
  A mummy (D:6)
  9 gnolls
  5 adders
  A shadow imp (D:6)
  A white imp (D:7)
  An ufetubus (D:5)
  3 worms
  2 dart slugs
  35 orcs
  8 ball pythons
  4 bats
  5 endoplasms
  A giant cockroach (D:3)
  7 hobgoblins
  6 jackals
  2 quokkas (D:4)
  8 goblins
  A hobgoblin zombie (D:6)
  6 kobolds
  A kobold zombie (D:6)
  3 rats
156 creatures vanquished.

Notes
Turn   | Place    | Note
-------+----------+-------------------------------------------
     0 | D:1      | qw the Gargoyle Hunter began the quest for the Orb.
     0 | D:1      | Reached XP level 1. HP: 12/12 MP: 1/1
     0 | D:1      | 0 ||| qw: Version: 0.2-a-29-gc1b59c4
     0 | D:1      | 0 ||| qw: Game counter: 4221
     0 | D:1      | 0 ||| qw: Always use a shield: true
     0 | D:1      | 0 ||| qw: God list: Okawaru
     0 | D:1      | 0 ||| qw: Allow faded altars: false
     0 | D:1      | 0 ||| qw: Do Orc after D:15 true
     0 | D:1      | 0 ||| qw: Do second Lair branch before Depths: true
     0 | D:1      | 0 ||| qw: Lair rune preference: random
     0 | D:1      | 0 ||| qw: Plans: Normal, Zot:1-4, Slime:5, God:TSO, Crypt,
                  | Tomb, Abyss, Pan, Hells, Win
     0 | D:1      | 0 ||| PLANNING D:1-11
    25 | D:1      | 25 ||| FLEEEEING.
    81 | D:1      | Reached XP level 2. HP: 17/17 MP: 2/2
   184 | D:1      | Found a faded altar of an unknown god.
   574 | D:1      | 574 ||| UPGRADING to +0 ring mail.
   584 | D:1      | 584 ||| DROPPING +0 leather armour.
   585 | D:1      | 585 ||| UPGRADING to amulet of regeneration.
   590 | D:1      | 590 ||| READING scroll labelled OVIORURAXT.
   591 | D:1      | 591 ||| READING scroll labelled ZUEZXU ISEI.
   596 | D:1      | 596 ||| READING scroll labelled WOTILE BIOZ.
   597 | D:1      | 597 ||| DRINKING 2 bubbling silvery potions.
   598 | D:1      | 598 ||| DROPPING scroll of butterflies.
   599 | D:1      | 599 ||| DROPPING potion of degeneration.
   787 | D:2      | Noticed Jessica
   794 | D:2      | Killed Jessica
   795 | D:2      | Reached XP level 3. HP: 21/21 MP: 3/3
   838 | D:2      | Reached XP level 4. HP: 26/26 MP: 4/4
   841 | D:2      | Reached skill level 5 in Ranged Weapons
   887 | D:2      | Noticed Natasha
   888 | D:2      | 888 ||| SWAPPING to +0 orcbow.
   891 | D:2      | Killed Natasha
   892 | D:2      | 892 ||| DROPPING +0 shortbow.
  1124 | D:2      | Noticed Terence
  1132 | D:2      | 1132 ||| UPGRADING to +0 helmet.
  1139 | D:2      | 1139 ||| FLEEEEING.
  1140 | D:2      | 1140 ||| FLEEEEING.
  1145 | D:2      | Killed Terence
  1146 | D:2      | Reached skill level 3 in Fighting
  1328 | D:2      | 1328 ||| UPGRADING to +6 ring of strength.
  1329 | D:2      | 1329 ||| READING scroll labelled JYHITE XAINYMOT.
  1330 | D:2      | 1330 ||| READING 2 scrolls labelled DOPEOD DIVI.
  1331 | D:2      | 1331 ||| READING scroll labelled XUVOQO OPLOCWU.
  1332 | D:2      | 1332 ||| READING 2 scrolls labelled CEGEHO NIYCWE.
  1333 | D:2      | 1333 ||| DRINKING 2 green potions.
  1334 | D:2      | 1334 ||| DROPPING scroll of poison.
  1367 | D:3      | Reached XP level 5. HP: 32/32 MP: 5/5
  1395 | D:3      | 1395 ||| READING scroll of brand weapon.
  1395 | D:3      | 1395 ||| BRANDING +0 orcbow of flaming.
  2002 | D:3      | Found an iron altar of Okawaru.
  2004 | D:3      | 2004 ||| PLANNING OKAWARU WORSHIP
  2004 | D:3      | 2004 ||| READING scroll labelled UGUHIV ZYETRA.
  2105 | D:3      | 2105 ||| DRINKING 2 lumpy brown potions.
  2106 | D:3      | 2106 ||| DRINKING 2 fuming grey potions.
  2107 | D:3      | 2107 ||| DROPPING potion of enlightenment.
  2115 | D:3      | Became a worshipper of Warmaster Okawaru
  2115 | D:3      | 2115 ||| PLANNING D:1-11
  2169 | D:3      | Identified the +0 robe of Dask {rElec rF+}
  2363 | D:3      | 2363 ||| UPGRADING to +0 robe of Dask {rElec rF+}.
  2479 | D:4      | Found Amyimeih's Vocational Training.
  2487 | D:4      | Reached skill level 6 in Ranged Weapons
  2487 | D:4      | Reached XP level 6. HP: 20/37 MP: 6/6
  2671 | D:4      | Found a snail-covered altar of Cheibriados.
  2978 | D:4      | 2978 ||| Stepping ~*~*~tactically~*~*~ (outnumbered).
  2980 | D:4      | 2980 ||| Stepping ~*~*~tactically~*~*~ (outnumbered).
  2982 | D:4      | 2982 ||| Stepping ~*~*~tactically~*~*~ (outnumbered).
  2986 | D:4      | Reached XP level 7. HP: 38/43 MP: 7/7
  2994 | D:4      | Reached skill level 7 in Ranged Weapons
  3085 | D:4      | Found a sacrificial altar of Ru.
  3085 | D:4      | Found an ornate altar of the Wu Jian Council.
  3154 | D:4      | 3154 ||| DRINKING 2 amethyst potions.
  3187 | D:5      | Entered Level 5 of the Dungeon
  3222 | D:5      | Found a staircase to the Ecumenical Temple.
  3388 | D:5      | Reached * piety under Okawaru
  3496 | D:5      | 3496 ||| INVOKING Heroism.
  3499 | D:5      | Reached skill level 1 in Invocations
  3629 | D:5      | 3629 ||| INVOKING Heroism.
  3630 | D:5      | 3630 ||| INVOKING Heroism.
  3632 | D:5      | Reached skill level 8 in Ranged Weapons
  3632 | D:5      | Reached XP level 8. HP: 33/48 MP: 6/9
  4267 | D:5      | 4267 ||| DROPPING +0 sling.
  4268 | D:5      | 4268 ||| READING scroll labelled HESEWY FOKKEMI.
  4269 | D:5      | 4269 ||| READING scroll labelled ROOSOOREVEO.
  4270 | D:5      | 4270 ||| DRINKING 2 murky coppery potions.
  4314 | D:5      | 4314 ||| DRINKING 2 glowing golden potions.
  4362 | D:6      | 4362 ||| PLANNING OSSUARY
  4449 | D:6      | Noticed a yak
  4453 | D:6      | Noticed a yak
  4455 | D:6      | Killed a yak
  4455 | D:6      | Noticed a yak
  4456 | D:6      | Reached skill level 3 in Invocations
  4456 | D:6      | Noticed a yak
  4459 | D:6      | Noticed a yak
  4462 | D:6      | Killed a yak
  4463 | D:6      | Noticed a yak
  4464 | D:6      | Killed a yak
  4467 | D:6      | 4467 ||| INVOKING Heroism.
  4471 | D:6      | Killed a yak
  4472 | D:6      | Reached skill level 9 in Ranged Weapons
  4476 | D:6      | Killed a yak
  4476 | D:6      | Reached ** piety under Okawaru
  4477 | D:6      | Reached skill level 6 in Fighting
  4479 | D:6      | 4479 ||| INVOKING Heroism.
  4482 | D:6      | Killed a yak
  4483 | D:6      | Reached XP level 9. HP: 18/55 MP: 8/12
  4568 | D:6      | Noticed Pikel
  4569 | D:6      | 4569 ||| INVOKING Heroism.
  4576 | D:6      | HP: 7/55 [Pikel/+2 whip of flaming (14)]
  4577 | D:6      | 4577 ||| READING 6 scrolls of teleportation.
  4577 | D:6      | HP: 2/55 [lemure[Pikel] (3)]
  4578 | D:6      | 4578 ||| DRINKING potion of heal wounds.
  4586 | D:6      | Killed Pikel
  4587 | D:6      | Reached skill level 10 in Ranged Weapons
  4611 | D:6      | 4611 ||| FLEEEEING.
  4612 | D:6      | 4612 ||| FLEEEEING.
  4640 | D:6      | 4640 ||| INVOKING Heroism.
  4663 | D:6      | Reached skill level 3 in Dodging
  4669 | D:6      | 4669 ||| INVOKING Heroism.
  4758 | D:6      | 4758 ||| INVOKING Heroism.
  4828 | D:6      | 4828 ||| INVOKING Heroism.
  4995 | D:6      | 4995 ||| RIP OSSUARY
  5026 | D:6      | 5026 ||| PLANNING D:1-11
  5505 | D:6      | 5505 ||| UPGRADING to +0 pair of boots.
  5510 | D:6      | 5510 ||| READING 3 scrolls of identify.
  5510 | D:6      | 5510 ||| IDENTIFYING sedimented green potion
  5511 | D:6      | 5511 ||| READING 2 scrolls of identify.
  5511 | D:6      | 5511 ||| IDENTIFYING metallic green potion
  5512 | D:6      | 5512 ||| DROPPING potion of brilliance.
  5534 | D:7      | 5534 ||| INVOKING Heroism.
  5598 | D:7      | 5598 ||| Stepping ~*~*~tactically~*~*~ (outnumbered).
  5600 | D:7      | 5600 ||| Stepping ~*~*~tactically~*~*~ (outnumbered).
  5602 | D:7      | 5602 ||| Stepping ~*~*~tactically~*~*~ (outnumbered).
  5700 | D:7      | 5700 ||| READING scroll of brand weapon.
  5700 | D:7      | 5700 ||| BRANDING +1 orcbow of chaos.
  5701 | D:7      | 5701 ||| DROPPING +0 orcbow.
  5719 | D:7      | 5719 ||| INVOKING Heroism.
  5728 | D:7      | Reached skill level 11 in Ranged Weapons
  5832 | D:7      | Found a shimmering altar of Xom.
  5929 | D:7      | 5929 ||| INVOKING Heroism.
  6327 | D:7      | 6327 ||| UPGRADING to ring of willpower.
  6328 | D:7      | 6328 ||| READING scroll labelled SUFEQ ONWAKLIS.
  6329 | D:7      | 6329 ||| READING scroll labelled BIGAMP LEAPSE.
  6341 | D:7      | 6341 ||| READING 3 scrolls of identify.
  6341 | D:7      | 6341 ||| IDENTIFYING puce potion
  6342 | D:7      | 6342 ||| DROPPING potion of ambrosia.
  6394 | D:8      | Reached XP level 10. HP: 51/64 MP: 13/13
  6427 | D:8      | 6427 ||| INVOKING Heroism.
  6496 | D:8      | Found a staircase to the Lair.
  6497 | D:8      | Noticed a death yak
  6498 | D:8      | 6498 ||| INVOKING Heroism.
  6499 | D:8      | Noticed a death yak
  6499 | D:8      | Noticed a death yak
  6500 | D:8      | Noticed a death yak
  6501 | D:8      | Noticed a death yak
  6508 | D:8      | Killed a death yak
  6511 | D:8      | Reached skill level 12 in Ranged Weapons
  6519 | D:8      | HP: 13/64 [death yak (9)]
  6520 | D:8      | 6520 ||| READING 5 scrolls of teleportation.
  6520 | D:8      | HP: 3/64 [death yak (11)]
  6521 | D:8      | Demolished by a death yak

Levels and vault maps discovered:
D:1:      dpeg_arrival_arbitrary_b, layout_basic, serial_curves, eino_curves_04,
          eino_curves_04, hellmonk_ecumenical_altar_blasted
D:2:      minmay_evil_eye, layout_loops_ring, uniq_jessica, uniq_terence,
          uniq_natasha
D:3:      layout_basic, okawaru_metal_pillars_1_2, hex_intersection
D:4:      layout_loops_ring, cheibriados_altar_1,
          gammafunk_temple_overflow_elements, minmay_misc_feat_more_columns,
          nicolae_shop_vocational
D:5:      layout_layer_cave, minmay_temple_entry_sparse_star
D:6:      layout_layer_cave, nicolae_ossuary_entry_giza, uniq_pikel
D:7:      layout_basic, tgw_xom
D:8:      minmay_the_grid_plus_closed [minmay_the_grid_all_tris,
          minmay_the_grid_gridbox, minmay_the_grid_outer_diamond,
          minmay_the_grid_dragon_a,
          minmay_the_grid_prize_four_corners_diamond_b], layout_gridville,
          nzn_hepliaklqana_mist_gate, dpeg_lair_monsters, enter_bailey_4,
          chequers_big_river, corexii_corridor_pit

Skill      XL: |  1  2  3  4  5  6  7  8  9 10 |
---------------+-------------------------------+-----
Armour         | 2 |  2.2
Ranged Weapons | 5 6 8 9 11 12 | 12.0
Fighting       | 3 4 6 8 |  8.1
Dodging        | 2 3 |  3.1
Invocations    | 2 4 |  4.0
Stealth        | |  1.1

Action                     |  1- 3 |  4- 6 |  7- 9 | 10-12 || total
---------------------------+-------+-------+-------+-------++-------
   Fire: Shortbow          |    79 |    11 |       |       ||    90
         Orcbow            |       |   177 |   290 |    26 ||   493
 Invoke: Heroism           |       |       |    12 |     2 ||    14
    Use: Scroll            |     3 |     6 |     9 |     1 ||    19
         Potion            |     1 |     3 |     4 |       ||     8
 Armour: Leather armour    |     6 |       |       |       ||     6
         Ring mail         |    13 |    17 |       |       ||    30
         Robe              |       |    14 |    41 |     3 ||    58
  Dodge: Dodged            |    30 |    69 |    90 |     7 ||   196

Table legend:
 A = Non-vault XP
 B = Vault XP
 C = Vault XP percentage of total XP
 D = Non-vault monster count
 E = Vault monster count
 F = Vault count percentage of total count
                 A         B        C        D         E       F
            +---------+---------+-------+---------+---------+-------
      Total |    4091 |    1676 |  29.1 |     137 |      17 |  11.0
            +---------+---------+-------+---------+---------+-------
        D:1 |      26 |       0 |   0.0 |      13 |       0 |   0.0
        D:2 |       6 |     123 |  95.3 |       4 |       8 |  66.7
        D:3 |     130 |       0 |   0.0 |      20 |       0 |   0.0
        D:4 |     379 |       0 |   0.0 |      28 |       0 |   0.0
        D:5 |     548 |       0 |   0.0 |      15 |       0 |   0.0
        D:6 |    1894 |     671 |  26.2 |      30 |       4 |  11.8
        D:7 |     736 |      87 |  10.6 |      22 |       4 |  15.4
        D:8 |     372 |     795 |  68.1 |       5 |       1 |  16.7
            +---------+---------+-------+---------+---------+-------
